AoeStats
← linck92

Four Lakes

510079040Analyzed
1v1 RM · 2d ago on Sep 29, 2026· 36m 28s· 2 players
Game mode
Random Map
Map size
Tiny (2 player)
Population
200
Speed
Normal
Resources
Standard
Victory
Conquest
Starting age
Dark Age
Ending age
Imperial Age
RankedLock teamsTeams togetherTeam positionsShared explorationLock speedFull tech treeHidden civsTurbo modeCheats
Victory
Defeat
🇵🇹 Bulgarians · Portugal
935
+17
🇲🇽 Mongols · Mexico
962
-17
Mr White
2:07 Loom
12:10 Feudal Age
13:26 Double-Bit Axe
14:09 Forging
13:59 Scale Mail Armor
19:23 Castle Age
18:27 Arson
18:46 Horse Collar
20:03 Pikeman
21:02 Chain Mail Armor
21:23 Iron Casting
22:05 Wheelbarrow
21:34 Town Watch
22:01 Gambesons
22:29 Squires
24:58 Bow Saw
34:33 Imperial Age
34:01 Hand Cart
37:15 Plate Mail Armor
37:45 Blast Furnace
linck92
0:27 Loom
11:36 Feudal Age
12:03 Double-Bit Axe
12:42 Fishing Lines
15:06 Gold Mining
19:22 Castle Age
19:09 Scale Barding Armor
23:24 Forging
23:36 Gillnets
25:10 Man-at-Arms
26:31 Iron Casting
27:04 Bow Saw
26:19 Long Swordsman
Connection lost

Rejoining the realm…

Still unreachable

The connection could not be restored.

Session expired

The server has moved on; the page needs a fresh start.